 Dungeon Crawl Stone Soup version 0.19-a0-957-gf4ea323 (webtiles) character file.

11970 matakusis the Summoner (level 11, -2/66 HPs)
             Began as a Green Draconian Air Elementalist on July 9, 2016.
             Was a Follower of Hepliaklqana.
             Slain by an orc warrior
             ... wielding a +1 glaive of venom
             ... led by an orc warlord
              (25 damage)
             ... on level 2 of the Orcish Mines on July 10, 2016.
             The game lasted 01:31:44 (13897 turns).

matakusis the Summoner (DrAE)                      Turns: 13897, Time: 01:31:46

Health: -2/66      AC: 12    Str: 10    XL:     11   Next: 56%
Magic:  5/24       EV: 12    Int: 20    God:    Hepliaklqana [*.....]
Gold:   967        SH:  5    Dex:  9    Spells: 5 memorised, 15 levels left

rFire  + . .     SeeInvis .     L - +0 spear (venom)
rCold  + . .     Gourm    .     (armour unavailable)
rNeg   . . .     Faith    .     A - +0 buckler
rPois  +         Spirit   .     (helmet restricted)
rElec  .         Dismiss  .     n - +2 cloak
rCorr  .         Reflect  .     c - +1 pair of gloves
SustAt .         Harm     .     (no boots)
MR     .....     Clarity  +     r - amulet of regeneration
Stlth  ++........               I - ring of protection from fire
                                f - ring of protection from cold

@: not resistant to hostile enchantments, unstealthy
A: breathe noxious fumes, unfitting armour, blink, clarity, clumsy 1, frail 1,
poison resistance, cold-blooded, AC +7
a: Breathe Noxious Fumes, Blink, Recall Ancestor, Ancestor Identity, Renounce
Religion


You were on level 2 of the Orcish Mines.
You worshipped Hepliaklqana.
Hepliaklqana was aware of your devotion.
You were not hungry.

You visited 3 branches of the dungeon, and saw 13 of its levels.

You collected 967 gold pieces.

Inventory:

Hand Weapons
 B - a +3 long sword of freezing
 L - a +0 spear of venom (weapon)
Missiles
 K - 2 throwing nets (quivered)
Armour
 c - a +1 pair of gloves (worn)
 n - a +2 cloak (worn)
 A - a +0 buckler (worn)
Rods
 k - a +0 iron rod (10/10)
   (You found it on level 7 of the Dungeon)
Jewellery
 f - a ring of protection from cold (left hand)
 l - an uncursed ring of protection from cold
 r - an amulet of regeneration (around neck)
 s - an uncursed ring of flight
 y - an uncursed amulet of dismissal
 I - a ring of protection from fire (right hand)
Wands
 m - a wand of teleportation (7/9)
 E - a wand of flame (37/48)
Scrolls
 d - 2 scrolls of blinking
 e - 2 scrolls of fear
 h - a scroll of enchant armour
 i - 4 scrolls of remove curse
 o - 2 scrolls of identify
 q - 2 scrolls of magic mapping
 J - a scroll of fog
Potions
 g - 5 potions of curing
 u - 2 potions of lignification
 v - a potion of berserk rage
 w - a potion of heal wounds
 z - a potion of ambrosia
 C - a potion of brilliance
 M - a potion of agility
Books
 a - a book of Air

   Spells                             Type                      Level
   a - Shock                          Conjuration/Air              1
   b - Swiftness                      Charms/Air                   2
   c - Repel Missiles                 Charms/Air                   2
   d - Static Discharge               Conjuration/Air              3
   e - Lightning Bolt                 Conjuration/Air              5
 j - a book of Callings

   Spells                             Type                      Level
   a - Summon Small Mammal            Summoning                    1
   b - Call Imp                       Summoning                    2
   c - Call Canine Familiar           Summoning                    3
   d - Summon Guardian Golem          Hexes/Summoning              3
   e - Summon Lightning Spire         Summoning/Air                4
   f - Summon Ice Beast               Ice/Summoning                4
 x - a book of Burglary

   Spells                             Type                      Level
   a - Swiftness                      Charms/Air                   2
   b - Passwall                       Transmutation/Earth          2
   c - Passage of Golubria            Translocation                4
   d - Lee's Rapid Deconstruction     Earth                        5
   e - Darkness                       Hexes                        6
   f - Invisibility                   Hexes                        6
 F - a book of Geomancy

   Spells                             Type                      Level
   a - Sandblast                      Earth                        1
   b - Passwall                       Transmutation/Earth          2
   c - Stone Arrow                    Conjuration/Earth            3
   d - Petrify                        Transmutation/Earth          4
   e - Lee's Rapid Deconstruction     Earth                        5
Comestibles
 b - 6 bread rations
 p - 2 meat rations
 t - 2 slices of pizza
 D - 22 fruits
 G - 7 chunks of flesh
 H - 2 beef jerkies


   Skills:
   Level 0.6 Staves
 - Level 1.7 Dodging
 - Level 1.7 Stealth
 * Level 5.4 Shields
 + Level 9.9 Spellcasting
 + Level 3.0 Conjurations
 * Level 11.8 Summonings
 + Level 7.8 Air Magic


You had 15 spell levels left.
You knew the following spells:

 Your Spells              Type           Power        Failure   Level  Hunger
a - Shock                 Conj/Air       ####         1%          1    None
b - Static Discharge      Conj/Air       ####....     2%          3    None
c - Call Imp              Summ           ######..     1%          2    None
d - Summon Lightning Spi  Summ/Air       #####...     1%          4    ##.....
e - Summon Ice Beast      Ice/Summ       ####....     10%         4    ##.....


Dungeon Overview and Level Annotations

Branches:
Dungeon (10/15)            Temple (1/1) D:4            Lair (0/6) D:9
    Orc (2/2) D:10
    Elf: Orc:2

Altars:
Ashenzari
Cheibriados
Dithmenos
Elyvilon
Fedhas
Gozag
Hepliaklqana
Kikubaaqudgha
Makhleb
Nemelex Xobeh
Okawaru
Pakellas
Qazlal
Ru
Sif Muna
Trog
Uskayaw
Vehumet
Xom
Yredelemnul
Zin
The Shining One
Beogh

Shops:
D:10 *


Innate Abilities, Weirdness & Mutations

You can breathe blasts of noxious fumes.
Your lurid green scales are hard. (AC +7)
Your body does not fit into most forms of armour.
Your system is resistant to poisons. (rPois)
You are cold-blooded and may be slowed by cold attacks.
You can translocate small distances at will.
You possess an exceptional clarity of mind.
You are clumsy. (Dex -2)
You are frail. (-10% HP)


Message History

The ogre moves out of view.
You feel sick.
Your magical contamination has completely faded away.
You feel sick.
There is an open door here.
You feel sick.
Some of the chunks of flesh in your inventory have rotted away.
You feel sick.
You are no longer poisoned.
You start resting.
Eating one of 8 chunks of flesh.
You start eating one of the 8 chunks of flesh.
You continue eating. x2
You finish eating.
This raw flesh tastes terrible.
Casting: Summon Lightning Spire
Confirm with . or Enter, or press ? or * to list all spells.
Aiming: Summon Lightning Spire
Press: ? - help, Dir - move target cursor An electric hum fills the air.
The orc warrior hits you with a glaive of venom!!
You die...

###.............#
####.#####)# #♣............#
#.....(....#
#P.♣.........####.####..().#
≈≈≈....#......'....#..#((⌠(.#
≈≈≈≈..##......####.)..#...()#
≈≈≈≈.♣ #.....## #.#..#..(().
≈≈≈≈ #♣...###..#.####.#####
≈≈# ##..####..'....).#...# ≈#
###≈..#@##..#...)#.#...#
#≈≈≈.8o######....#.##'##
#≈≈≈≈P## #....#.....)
≈≈≈#≈#≈## #.##+###.###
≈≈###### #.# #.##. ≈# ..#
#o##. ### #o### #...YRh..
......8o8..


You could see an orc warrior and a friendly lightning spire.

Vanquished Creatures
  Urug (D:10)
  Pikel (D:5)
  Grinder (D:4)
  6 yaks (D:9)
  A wraith (D:10)
  A hippogriff (D:9)
  7 orc warriors
  4 sky beasts
  A black bear (D:10)
  2 ogres
  A giant frog (D:6)
  2 scorpions
  6 killer bees
  A giant frog zombie (D:6)
  A crimson imp (D:5)
  A hound (D:5)
  Crazy Yiuf (D:2)
  2 orc priests
  A jelly (D:9)
  An iron imp (D:5)
  An iguana (D:4)
  4 worker ants
  A hound skeleton (D:7)
  A worker ant zombie (D:8)
  7 adders
  A river rat (D:9)
  A white imp (D:9)
  An ooze (D:4)
  An adder zombie (D:5)
  2 worms (D:2)
  A dart slug (D:2)
  3 giant geckos
  15 orcs
  3 ball pythons
  7 bats
  6 giant cockroaches
  7 goblins
  13 hobgoblins
  6 jackals
  6 quokkas
  5 giant newts
  A goblin zombie (D:5)
  11 kobolds
  5 rats
  A butterfly (D:5)
152 creatures vanquished.

Vanquished Creatures (collateral kills)
  Erolcha (D:10)
  3 orc knights (Orc:1)
  2 hill giants
  An orc sorcerer (Orc:1)
  A gargoyle (D:10)
  19 yaks
  2 hippogriffs (D:10)
  3 hungry ghosts
  Edmund (D:5)
  2 wargs
  A soldier ant (D:5)
  An ice beast (D:10)
  7 porcupines (D:9)
  17 orc warriors
  A swamp drake (D:10)
  A black bear (D:8)
  A phantom (D:10)
  A necrophage (D:8)
  4 ogres
  2 centaurs (D:7)
  5 crocodiles
  3 big kobolds
  5 giant frogs
  A gnoll sergeant (D:9)
  2 wyvern skeletons
  11 killer bees
  7 wights
  A howler monkey (D:7)
  8 crimson imps
  6 hounds
  2 jellies
  2 gnoll shamans
  18 orc priests
  A giant frog skeleton (D:6)
  An iguana (D:8)
  14 orc wizards
  6 worker ants
  A howler monkey zombie (D:7)
  14 gnolls
  9 adders
  3 river rats (D:9)
  5 shadow imps
  A white imp (D:9)
  3 giant geckos
  55 orcs
  5 giant cockroaches
  6 kobolds
  A quokka (D:9)
  A ball python (D:3)
  A giant newt (D:3)
  A goblin skeleton (D:5)
  3 goblin zombies (D:5)
  2 hobgoblin zombies (D:5)
  A rat (D:9)
  A butterfly (D:5)
277 creatures vanquished.

Vanquished Creatures (others)
  A porcupine (D:9)
  A slave (D:5)
  An iguana (D:7)
  2 ancestors
  A worker ant (D:5)
6 creatures vanquished.

Grand Total: 435 creatures vanquished

Notes
Turn   | Place    | Note
-------+----------+-------------------------------------------
     0 | D:1      | matakusis the Draconian Air Elementalist began the quest for the Orb.
     0 | D:1      | Reached XP level 1. HP: 14/14 MP: 3/3
   474 | D:1      | Reached XP level 2. HP: 20/20 MP: 5/5
   977 | D:2      | Found an opulent altar of Gozag.
  1024 | D:2      | Reached XP level 3. HP: 26/26 MP: 0/6
  1085 | D:2      | Learned a level 3 spell: Static Discharge
  1452 | D:2      | Gained mutation: You can translocate small distances at will. [potion of mutation]
  1452 | D:2      | Gained mutation: You are weak. (Str -2) [potion of mutation]
  1452 | D:2      | Lost mutation: You are weak. (Str -2) [potion of mutation]
  1750 | D:2      | Reached XP level 4. HP: 25/33 MP: 0/8
  2247 | D:2      | Learned a level 2 spell: Call Imp
  2256 | D:2      | Found a runed door.
  2495 | D:2      | Noticed Crazy Yiuf
  2541 | D:2      | Killed Crazy Yiuf
  2942 | D:3      | Reached XP level 5. HP: 38/38 MP: 2/10
  3715 | D:4      | Reached skill level 1 in Summonings
  3850 | D:4      | Noticed Grinder
  3853 | D:4      | Paralysed by Grinder for 7 turns
  3904 | D:4      | Found a staircase to the Ecumenical Temple.
  3911 | Temple   | Entered the Ecumenical Temple
  4168 | D:4      | Killed Grinder
  4168 | D:4      | Reached skill level 2 in Summonings
  4168 | D:4      | Reached XP level 6. HP: 45/45 MP: 1/12
  4174 | D:4      | Learned a level 4 spell: Summon Lightning Spire
  4384 | D:4      | Reached skill level 3 in Summonings
  4384 | D:4      | Your scales start taking on a lurid green colour.
  4384 | D:4      | Reached XP level 7. HP: 46/50 MP: 7/14
  4384 | D:4      | Gained mutation: Your system is resistant to poisons. (rPois) [Green Draconian growth]
  4887 | D:5      | Entered Level 5 of the Dungeon
  4887 | D:5      | Noticed Edmund
  4979 | D:5      | Found a burning altar of Makhleb.
  4981 | D:5      | Found a white marble altar of Elyvilon.
  4984 | D:5      | Found a radiant altar of Vehumet.
  4984 | D:5      | Found a shattered altar of Ashenzari.
  5221 | D:5      | Found a runed door.
  5240 | D:5      | Found a runed door.
  5280 | D:5      | Found a glowing golden altar of the Shining One.
  5409 | D:5      | Noticed Pikel
  5425 | D:5      | Killed Pikel
  5425 | D:5      | Reached skill level 5 in Spellcasting
  5425 | D:5      | Reached skill level 4 in Summonings
  5425 | D:5      | Reached skill level 5 in Air Magic
  5425 | D:5      | Reached XP level 8. HP: 53/57 MP: 10/16
  5508 | D:5      | Reached skill level 5 in Summonings
  5565 | D:5      | Killed Edmund
  6038 | D:6      | Reached skill level 6 in Summonings
  6507 | D:7      | Found an ancient bone altar of Kikubaaqudgha.
  6641 | D:7      | Reached XP level 9. HP: 52/62 MP: 15/19
  6654 | D:7      | Learned a level 4 spell: Summon Ice Beast
  6754 | D:7      | Reached skill level 7 in Summonings
  6764 | D:7      | Gained mutation: You possess an exceptional clarity of mind. [mutagenic meat]
  6767 | D:7      | Gained mutation: You are frail. (-10% HP) [mutagenic meat]
  6889 | D:7      | Paralysed by fainting for 5 turns
  6912 | D:7      | Paralysed by fainting for 7 turns
  7195 | D:7      | Gained mutation: You are clumsy. (Dex -2) [mutagenic meat]
  7393 | D:7      | Found a shimmering altar of Xom.
  7395 | D:7      | Noticed an angel
  7412 | D:7      | Found a glowing silver altar of Zin.
  7509 | D:8      | Found a sparkling altar of Nemelex Xobeh.
  7693 | D:8      | Reached skill level 1 in Shields
  8207 | D:8      | Noticed a hill giant
  8216 | D:8      | Killed a hill giant
  8216 | D:8      | Reached skill level 8 in Summonings
  8319 | D:8      | Found a sparkling altar of Nemelex Xobeh.
  8523 | D:8      | Found a blossoming altar of Fedhas.
  8816 | D:8      | Upgraded the game from 0.19-a0-944-gb338e1e to 0.19-a0-957-gf4ea323
  9013 | D:9      | Found a shadowy altar of Dithmenos.
  9292 | D:9      | Reached XP level 10. HP: 39/62 MP: 22/22
  9316 | D:9      | Reached skill level 9 in Summonings
  9674 | D:9      | Found a hazy altar of Hepliaklqana.
  9763 | D:9      | Noticed a hill giant
  9773 | D:9      | Killed a hill giant
 10000 | D:9      | Found a staircase to the Lair.
 10061 | D:9      | Reached skill level 10 in Summonings
 10069 | D:9      | HP: 2/62 [yak (5)]
 10648 | D:10     | Entered Level 10 of the Dungeon
 10682 | D:10     | Found Sujur's Changing Room.
 10769 | D:10     | Noticed a gargoyle
 10780 | D:10     | Killed a gargoyle
 11262 | D:10     | Reached XP level 11. HP: 51/66 MP: 9/24
 11346 | D:10     | Found a staircase to the Orcish Mines.
 11348 | D:10     | Noticed Erolcha
 11362 | D:10     | Killed Erolcha
 11768 | D:10     | Noticed Urug
 11777 | D:10     | Killed Urug
 11777 | D:10     | Reached skill level 5 in Shields
 11939 | D:9      | Reached skill level 11 in Summonings
 12098 | D:9      | Became a worshipper of Hepliaklqana
 12147 | Orc:1    | Entered Level 1 of the Orcish Mines
 12541 | Orc:1    | Reached * piety under Hepliaklqana
 12551 | Orc:1    | Noticed an orc sorcerer
 12562 | Orc:1    | Noticed an orc knight
 12565 | Orc:1    | Killed an orc sorcerer
 12585 | Orc:1    | Killed an orc knight
 12744 | Orc:1    | Noticed an orc knight
 12747 | Orc:1    | Noticed an orc knight
 12758 | Orc:1    | Killed an orc knight
 12793 | Orc:1    | Killed an orc knight
 12922 | Orc:1    | Found a roughly hewn altar of Beogh.
 13440 | Orc:2    | Entered Level 2 of the Orcish Mines
 13897 | Orc:2    | Slain by an orc warrior

Vault maps used:
D:1:      dpeg_arrival_boxes_within_box, kennysheep_another_room,
          minmay_crystal_water
D:2:      grunt_gozag_statues, uniq_crazy_yiuf_cottage
D:3:      first_bread
D:4:      minmay_quantized, uniq_grinder
D:5:      lemuel_insect_pit, nicolae_tso_besieged_by_evil,
          grunt_temple_overflow_open, grunt_decor_one_mirror, uniq_pikel,
          uniq_edmund
D:7:      grunt_temple_overflow_order_and_chaos_1, kiku_gazebo_pond_becter
D:8:      nemelex_xobeh_ov_fountains_minmay, kennysheep_mini_moat, basic_altar
D:9:      nicolae_dithmenos_the_darkroom, nicolae_overflow_hidden_temple,
          minmay_lair_entry_grove, blue_anna_alchemist, minmay_nine_imps
D:10:     erik_orc_1, nicolae_transmutations_shop, uniq_urug, uniq_erolcha
Temple:   compressed_dpeg_triangle_lava_temple
Orc:1:    nicolae_orc_accident_2, nicolae_orc_rockfall
Orc:2:    pubby_orc_utopia, serial_shops

Skill      XL: |  1  2  3  4  5  6  7  8  9 10 11 |
---------------+----------------------------------+-----
Spellcasting   | 3 4 5 7 8 9 |  9.9
Conjurations   | 2 3 |  3.0
Air Magic      | 4 5 6 7 |  7.8
Summonings     | 2 3 4 6 8 10 11 | 11.8
Shields        | 2 4 5 |  5.4
Staves         | |  0.6
Dodging        | |  1.7
Stealth        | |  1.7

Action                   |  1- 3 |  4- 6 |  7- 9 | 10-12 || total
-------------------------+-------+-------+-------+-------++-------
Melee: Dagger            |    75 |    53 |       |       ||   128
       Unarmed           |     7 |       |       |       ||     7
       Tailslap          |     6 |     9 |    27 |    17 ||    59
       Quarterstaff      |       |    53 |   191 |       ||   244
       Long sword        |       |       |    41 |   172 ||   213
       Spear             |       |       |       |    81 ||    81
 Cast: Shock             |    69 |    60 |    10 |    16 ||   155
       Static Discharge  |     1 |       |       |       ||     1
       Call Imp          |       |    36 |    26 |     1 ||    63
       Summon Lightning  |       |       |    56 |    69 ||   125
       Summon Ice Beast  |       |       |     9 |    69 ||    78
 Abil: Breathe Noxious F |       |       |     8 |    23 ||    31
       Blink             |       |       |       |     1 ||     1
  Use: Potion            |     5 |     3 |       |       ||     8
       Scroll            |       |     6 |    10 |     3 ||    19
 Stab: Petrified         |       |       |     1 |       ||     1
       Sleeping          |       |       |     1 |       ||     1
       Distracted        |       |       |       |     5 ||     5
  Eat: Chunk             |     3 |    10 |    26 |    23 ||    62
       Beef jerky        |       |     1 |     1 |       ||     2
       Royal jelly       |       |       |     2 |       ||     2
       Pizza             |       |       |     2 |       ||     2
       Fruit             |       |       |       |     2 ||     2
       Meat ration       |       |       |       |     1 ||     1
Armor: Skin              |    56 |    44 |   125 |    89 ||   314
Dodge: Dodged            |    70 |    94 |   110 |   145 ||   419
Block: Buckler           |       |       |     7 |    66 ||    73
